Map: Симулякр РВ

Players

MаXGrig

  • Race: Terran Terran
  • League: Diamond
  • Spawn Location: 11:00

ИИ 1 (эксперт) - Winner!

  • Race: Zerg Zerg
  • Spawn Location: 5:00

VOD

Have the link to the VOD?

Description

Time

  • Played on: Feb. 28, 2020, 12:33 a.m.
  • Length: 4:09
Show
View Real Time Build Order
Export as new Build Order

MаXGrig Terran 

Build Orders: Reaper Expand 

Get SALT Encoding   

  12  0:00  SCV  
  13  0:13  SCV  
  14  0:17  Supply Depot  
  14  0:26  SCV  
  15  0:38  SCV  
  15  0:40  Barracks  
  16  0:44  Refinery  
  16  0:50  SCV  
  17  1:03  SCV  
  18  1:15  SCV  
  19  1:27  Orbital Command  
  19  1:28  Reaper  
  20  1:43  Command Center  
  20  1:53  SCV  
  21  1:55  Supply Depot  
  21  2:00  Marine  
  22  2:05  SCV  
  23  2:10  Factory  
  23  2:17  SCV  
  23  2:18  Refinery  
  23  2:22  Barracks Reactor  
  24  2:29  SCV  
  25  2:47  SCV  
  26  2:55  Starport  
  26  2:56  Orbital Command  
  26  3:02  SCV  
  26  3:05  Hellion x2  
  31  3:06  Barracks Tech Lab  
  31  3:16  SCV  
  32  3:25  Supply Depot, SCV  
  33  3:28  SCV  
  33  3:31  Medivac  
  36  3:35  Marine x2  
  36  3:36  Cyclone  
  36  3:37  SCV  
  36  3:40  SCV  
  43  3:47  Supply Depot  
  43  3:49  SCV  
Show
View Real Time Build Order
Export as new Build Order

ИИ 1 (эксперт) Zerg - Winner!

Build Orders: Pool First 

Get SALT Encoding   

  12  0:00  Drone  
  13  0:12  Overlord  
  13  0:17  Drone  
  14  0:30  Drone x2  
  16  0:43  Spawning Pool  
  16  0:44  Drone  
  16  0:49  Drone  
  17  1:11  Hatchery  
  17  1:13  Drone  
  17  1:18  Extractor, Drone  
  17  1:23  Drone  
  18  1:27  Drone  
  19  1:38  Overlord  
  19  1:48  Queen  
  19  1:49  Drone  
  22  1:59  Zergling x2  
  22  2:10  Drone  
  23  2:21  Drone  
  24  2:23  Drone  
  24  2:24  Queen  
  27  2:32  Roach Warren  
  27  2:33  Extractor  
  27  2:36  Drone  
  26  2:40  Drone  
  27  2:46  Overlord  
  27  2:51  Drone  
  27  2:53  Drone  
  27  2:57  Drone  
  30  3:01  Drone  
  30  3:04  Drone  
  32  3:08  Zergling x2  
  32  3:11  Zergling x2  
  34  3:15  Roach  
  34  3:19  Roach  
  38  3:23  Roach  
  42  3:27  Roach  
  42  3:29  Drone  
  42  3:31  Drone  
  44  3:37  Overlord  
  44  3:55  Drone x3  
Tags
 
Add a new tag
Caveats
  • Supply blocks, unpowered buildings, or Contaminate may cause inaccurate times.
  • Supply counts are checked every 10 seconds.